 Dungeon Crawl Stone Soup version 0.28.0-47-ge53b351184 (webtiles) character file.

Game seed: 1355452558957986258

123 seaoflcl the Slasher (level 5, 0/41 HPs)
             Began as a Human Fighter on May 2, 2022.
             Slain by a goblin
             ... wielding a +0 dagger
             ... led by Robin
              (3 damage)
             ... on level 3 of the Dungeon.
             The game lasted 00:02:51 (2459 turns).

seaoflcl the Slasher (Human Fighter)                Turns: 2459, Time: 00:02:51

Health: 0/41       AC:  6    Str: 18    XL:     5   Next: 28%
Magic:  5/5        EV:  9    Int:  8    God:
Gold:   67         SH:  4    Dex: 13    Spells: 4/4 levels left

rFire   . . .      SeeInvis .   a - +0 long sword
rCold   . . .      Faith    .   c - +0 buckler
rNeg    . . .      Spirit   .   b - +0 scale mail
rPois   .          Reflect  .   (no helmet)
rElec   .          Harm     .   (no cloak)
rCorr   .          Rampage  .   (no gloves)
Will    .....                   (no boots)
Stlth   ..........              (no amulet)
HPRegen 0.13/turn               (no ring)
MPRegen 0.09/turn               (no ring)

@: mighty
A: no striking features
a: no special abilities


You were on level 3 of the Dungeon.
You visited 1 branch of the dungeon, and saw 3 of its levels.

You collected 67 gold pieces.

Inventory:

Hand Weapons
 a - a +0 long sword (weapon)
Armour
 b - a +0 scale mail (worn)
 c - a +0 buckler (worn)
Scrolls
 e - 2 scrolls of torment {unknown}
 f - a scroll of blinking {unknown}
 g - a scroll of amnesia {unknown}
Potions
 h - a potion of ambrosia {unknown}
 i - a potion of lignification {unknown}
 j - a potion of magic {unknown}
 k - a potion of curing {unknown}


   Skills:
 - Level 3.2 Fighting
 * Level 4.6 Long Blades
 - Level 3.1 Armour
 - Level 3.2 Shields


You had 4 spell levels left.
You didn't know any spells.
Your spell library contained the following spells:

 Spells                   Type           Power      Damage    Failure   Level
 Shock                    Conj/Air       0%         1d3       87%         1
 Swiftness                Air            0%         N/A       99%         3
 Airstrike                Air            0%         N/A       100%        4


Dungeon Overview and Level Annotations

Branches:
Dungeon (3/15)

Altars:
Hepliaklqana
Wu Jian

Shops:
D:2 *

Annotations:
D:3 Robin


Message History

Robin hits you with a +0 club.
You hit the goblin.
You kill the goblin!
The goblin hits you with a +0 dagger. The hobgoblin barely misses you.
Robin hits you with a +0 club. The goblin barely misses you.
Things that are here:
a +0 dagger; a goblin corpse A goblin breaks down the door.
You feel very mighty all of a sudden.
The hobgoblin hits you but does no damage.
You barely miss the hobgoblin. The hobgoblin barely misses you.
Robin throws the goblin at you! You block the goblin's attack.
The hobgoblin hits you.
You barely miss the hobgoblin.
The hobgoblin no longer looks unusually strong.
The goblin no longer looks unusually strong.
The hobgoblin no longer looks unusually strong.
The goblin no longer looks unusually strong. x2
Robin roars a battlecry!
The goblins go into a battle-frenzy!
The goblin hits you with a +0 dagger.
* * * LOW HITPOINT WARNING * * *
You block the hobgoblin's attack.
You closely miss the hobgoblin. The goblin hits you with a +0 dagger.
* * * LOW HITPOINT WARNING * * *
The hobgoblin misses you.
You closely miss the hobgoblin.
The goblin no longer looks unusually strong.
You block the goblin's attack. The hobgoblin hits you.
* * * LOW HITPOINT WARNING * * *
The goblin misses you.
You closely miss the hobgoblin. The hobgoblin closely misses you.
The goblin closely misses you.
You closely miss the hobgoblin. The hobgoblin hits you.
* * * LOW HITPOINT WARNING * * *
The goblin hits you but does no damage. You block the hobgoblin's attack.
You hit the hobgoblin.
The hobgoblin is heavily wounded.
The goblin hits you with a +0 dagger.
You die...

# ###. .....
g.#.(.################
.g...................#
..#.=.###.gg########.######.
+.. .'..ggg@g..........>. ##
##..g########.#####..
#...#####......##
###############...............
............†............###..
...############..........#
.......# #..........# .......#
#..........# .......#
##########...


You could see Robin, 2 hobgoblins and 4 goblins.

Vanquished Creatures
  Natasha (D:3)
  2 adders (D:2)
  A worm (D:2)
  4 dart slugs
  7 ball pythons
  6 endoplasms
  6 giant cockroaches
  7 goblins
  3 hobgoblins
  7 jackals (D:1)
  5 kobolds
  2 quokkas
  3 bats
  6 frilled lizards
  4 rats
64 creatures vanquished.

Vanquished Creatures (others)
  A hobgoblin (D:2)
1 creature vanquished.

Grand Total: 65 creatures vanquished

Notes
Turn   | Place    | Note
-------+----------+-------------------------------------------
     0 | D:1      | seaoflcl the Human Fighter began the quest for the Orb.
     0 | D:1      | Reached XP level 1. HP: 18/18 MP: 1/1
   155 | D:1      | Reached XP level 2. HP: 10/24 MP: 2/2
   173 | D:1      | HP: 1/24 [goblin/+0 club (3)]
   613 | D:1      | Reached XP level 3. HP: 16/29 MP: 3/3
   664 | D:1      | Reached skill level 3 in Long Blades
  1321 | D:2      | Reached XP level 4. HP: 20/35 MP: 4/4
  1466 | D:2      | Found Rias's General Store.
  1494 | D:2      | Found a faded altar of an unknown god.
  1729 | D:2      | Reached skill level 4 in Long Blades
  2301 | D:3      | Found an ornate altar of the Wu Jian Council.
  2344 | D:3      | Noticed Natasha
  2349 | D:3      | Killed Natasha
  2350 | D:3      | Reached XP level 5. HP: 41/41 MP: 5/5
  2350 | D:3      | Found a hazy altar of Hepliaklqana.
  2433 | D:3      | Noticed Robin
  2459 | D:3      | Slain by a goblin

Illustrated notes

Levels and vault maps discovered:
D:1:      zelgadis_glass_arrival_small, layout_rooms,
          chequers_serial_rivers_micro_a, serial_bayou_pond_b
D:2:      layout_rooms, serial_shops, shop, ebering_ecumenical_altar_mist,
          minmay_statues_item, st_stairs_10
D:3:      layout_basic, mainiacjoe_overflow_catch_the_wave,
          mainiacjoe_overflow_cross_hatched, minivault_24, uniq_jessica,
          uniq_robin, uniq_natasha

Skill      XL: |  1  2  3  4 |
---------------+-------------+-----
Long Blades    | 3 4 |  4.6
Fighting       | |  3.2
Armour         | |  3.1
Shields        | |  3.2

Action                   |  1- 3 |  4- 6 || total
-------------------------+-------+-------++-------
Melee: Long sword        |   108 |   102 ||   210
  Use: Potion            |       |     1 ||     1
Armor: Scale mail        |    65 |    54 ||   119
Dodge: Dodged            |    67 |    63 ||   130
Block: Buckler           |    32 |    29 ||    61
